 Dungeon Crawl Stone Soup version 0.24.0-13-gcf9b319 (webtiles) character file.

Game seed: 17700516275032554917, levelgen mode: deterministic

2488 Fang the Skirmisher (level 9, -1/85 HPs)
             Began as a Gargoyle Berserker on Dec 4, 2019.
             Was an Elder of Trog.
             Splashed by Joseph's acid (5 damage)
             ... on level 7 of the Dungeon.
             The game lasted 00:08:53 (6549 turns).

Fang the Skirmisher (Gargoyle Berserker)            Turns: 6549, Time: 00:08:54

Health: -1/85      AC: 11    Str: 30    XL:     9   Next: 52%
Magic:  18/18      EV:  7    Int:  7    God:    Trog [****..]
Gold:   246        SH: 17    Dex: 13    Spells: 8/8 levels left

rFire    + . .     SeeInvis .   a - +0 broad axe
rCold    . . .     Gourm    .   B - +0 large shield {rF+}
rNeg     + . .     Faith    .   b - +0 chain mail
rPois    ∞         Spirit   .   (no helmet)
rElec    +         Reflect  .   (no cloak)
rCorr    .         Harm     .   (no gloves)
MR       .....                  (no boots)
Stlth    ..........             (no amulet)
HPRegen  0.24/turn              u - ring of Geam {rPois MP+9 Dex+4}
MPRegen  0.16/turn              y - +3 ring of protection

@: berserking, corroded, very quick
A: negative energy resistance 1, electricity resistance, unbreathing,
petrification resistance, rot immunity, AC +6
a: Berserk, Trog's Hand, Brothers in Arms, Renounce Religion


You were on level 7 of the Dungeon.
You worshipped Trog.
Trog was greatly pleased with you.
You were hungry.

You visited 2 branches of the dungeon, and saw 8 of its levels.

You collected 384 gold pieces.
You spent 138 gold pieces at shops.

Inventory:

Hand Weapons
 a - a +0 broad axe (weapon)
 q - a +0 hand axe of flaming
Armour
 b - a +0 chain mail (worn)
 B - a +0 large shield of fire resistance (worn)
Jewellery
 u - the ring of Geam (left hand) {rPois MP+9 Dex+4}
   (You found it on level 4 of the Dungeon)

   [ring of magical power]

   It affects your dexterity (+4).
   It protects you from poison.
   It affects your magic capacity (+9).
 y - a +3 ring of protection (right hand)
Wands
 w - a wand of paralysis (6)
Scrolls
 d - a scroll of summoning {unknown}
 e - 7 scrolls of teleportation
 g - 5 scrolls of remove curse
 i - 2 scrolls of blinking
 j - 2 scrolls of identify
 s - 2 scrolls of magic mapping
Potions
 f - 4 potions of curing {unknown}
 h - a potion of heal wounds
 k - a potion of brilliance {unknown}
 l - 3 potions of might {unknown}
 n - 2 potions of ambrosia {unknown}
 o - 2 potions of cancellation {unknown}
 p - 3 potions of lignification {unknown}
 r - a potion of resistance {unknown}
 t - 3 potions of haste {unknown}
 v - a potion of berserk rage {unknown}
Comestibles
 c - 11 rations
 m - 7 chunks of flesh


   Skills:
 + Level 7.1 Fighting
 + Level 5.8 Axes
 + Level 6.6 Armour
 + Level 5.0 Dodging
 + Level 5.4 Shields


You had 8 spell levels left.
You didn't know any spells.
Your spell library was empty.

Dungeon Overview and Level Annotations

Branches:
Dungeon (7/15)             Temple (1/1) D:5

Altars:
Ashenzari
Makhleb
Trog
Uskayaw

Shops:
D:4 [

Annotations:
D:7 Joseph


Innate Abilities, Weirdness & Mutations

You are resistant to torment.
Your stone body is resilient. (AC +6)
You are immune to poison.
You resist negative energy. (rN+)
You are resistant to electric shocks. (rElec)
You can survive without breathing.
You are immune to petrification.
You are immune to rotting.


Message History

You are too injured to fight recklessly!
You are too injured to fight recklessly!
You are too injured to fight recklessly!
You are too injured to fight recklessly!
You are too injured to fight recklessly!
You are too injured to fight recklessly!
You are too injured to fight recklessly!
You are too injured to fight recklessly!
You are too injured to fight recklessly!
You are too injured to fight recklessly!
A red film seems to cover your vision as you go berserk!
You feel yourself moving faster!
You feel mighty!
You are feeling hungry.
You block the wight's attack. Joseph barely misses you.
You closely miss Joseph. You slash the wight!
The wight hits you but does no damage.
Joseph zaps a wand.
The bolt of acid hits you!!
* * * LOW HITPOINT WARNING * * *
You are splashed with acid.
You die...

####### ###########
.......## ##....##....
........#
##........###
........####........##
......@.##...........#
......)@..##.........#
......z#########...###
......# ##### ......
#.... #..#. ###. #.


You could see Joseph and a wight.

Vanquished Creatures
  Grinder (D:4)
  Menkaure (D:4)
  2 orc warriors
  An ice beast (D:5)
  2 sky beasts (D:5)
  2 ogres
  A phantom (D:4)
  A centaur (D:5)
  A big kobold (D:7)
  Blork the orc (D:4)
  A bullfrog (D:6)
  2 scorpions
  2 wights (D:7)
  3 crimson imps
  A centaur zombie (D:5)
  A hound (D:5)
  A jelly (D:5)
  2 orc priests
  5 orc wizards
  A centaur skeleton (D:7)
  A gnoll shaman (D:6)
  2 iguanas
  5 worker ants
  A worker ant zombie (D:5)
  Robin (D:4)
  A howler monkey skeleton (D:4)
  12 gnolls
  9 adders
  An ooze (D:1)
  An adder skeleton (D:4)
  3 worms
  2 dart slugs
  2 leopard geckos
  23 orcs
  5 bats
  8 giant cockroaches
  12 goblins
  15 hobgoblins
  7 jackals
  3 quokkas
  4 ball pythons
  6 frilled lizards
  A jackal zombie (D:5)
  13 kobolds
  6 rats
176 creatures vanquished.

Notes
Turn   | Place    | Note
-------+----------+-------------------------------------------
     0 | D:1      | Fang the Gargoyle Berserker began the quest for the Orb.
     0 | D:1      | Reached XP level 1. HP: 14/14 MP: 1/1
   216 | D:1      | Reached XP level 2. HP: 15/19 MP: 2/2
   694 | D:1      | Reached XP level 3. HP: 12/23 MP: 3/3
  1164 | D:2      | Reached XP level 4. HP: 9/29 MP: 4/4
  1167 | D:2      | Reached skill level 4 in Fighting
  1562 | D:2      | Reached ** piety under Trog
  1936 | D:2      | You fall into a shaft and drop 1 floor!
  1973 | D:3      | Reached XP level 5. HP: 30/33 MP: 5/5
  2156 | D:3      | Reached skill level 1 in Shields
  2311 | D:3      | Reached *** piety under Trog
  2397 | D:3      | Found a burning altar of Makhleb.
  2397 | D:3      | Found a shattered altar of Ashenzari.
  2726 | D:4      | Found Jairabb's Armour Boutique.
  2742 | D:4      | Reached XP level 6. HP: 29/39 MP: 6/6
  2907 | D:4      | Noticed a phantom
  2921 | D:4      | Killed a phantom
  3278 | D:4      | Got a fine amber ring
  3279 | D:4      | Identified the ring of Geam {rPois MP+9 Dex+4} (You found
                  | it on level 4 of the Dungeon)
  3300 | D:4      | Noticed an orc warrior
  3307 | D:4      | Killed an orc warrior
  3307 | D:4      | Reached skill level 5 in Fighting
  3307 | D:4      | Reached XP level 7. HP: 44/44 MP: 7/7
  3462 | D:4      | Noticed Blork the orc
  3493 | D:4      | Killed Blork the orc
  3703 | D:4      | Noticed Grinder
  3712 | D:4      | Paralysed by Grinder for 6 turns
  3739 | D:4      | Paralysed by Grinder for 2 turns
  3745 | D:4      | Killed Grinder
  3787 | D:4      | Reached XP level 8. HP: 47/50 MP: 8/8
  3831 | D:4      | Noticed Menkaure
  3831 | D:4      | Noticed Robin
  3841 | D:4      | Killed Menkaure
  3841 | D:4      | Reached skill level 5 in Armour
  3855 | D:4      | Reached **** piety under Trog
  3860 | D:4      | Killed Robin
  4654 | D:4      | Bought a +0 large shield of fire resistance for 138 gold
                  | pieces
  4694 | D:5      | Entered Level 5 of the Dungeon
  4703 | D:5      | Found a bloodstained altar of Trog.
  4766 | D:5      | Reached skill level 6 in Fighting
  4790 | D:5      | Reached skill level 5 in Axes
  5148 | D:5      | Reached XP level 9. HP: 55/56 MP: 9/9
  5322 | D:5      | Found a staircase to the Ecumenical Temple.
  5508 | Temple   | Entered the Ecumenical Temple
  5578 | D:5      | Found a bloodstained altar of Trog.
  5730 | D:6      | Reached skill level 5 in Shields
  6368 | D:7      | Reached skill level 7 in Fighting
  6541 | D:7      | Noticed Joseph
  6547 | D:7      | Reached skill level 5 in Dodging
  6549 | D:7      | HP: 4/85 [Joseph/bolt of acid (18)]
  6549 | D:7      | Splashed by Joseph's acid

Levels and vault maps discovered:
D:1:      dpeg_arrival_stone_temple_mockup, layout_basic
D:2:      layout_basic, serial_bayou_ford_a, nicolae_underground_beach
D:3:      layout_basic, gammafunk_temple_overflow_elements, first_ration,
          kennysheep_decorative_pillar
D:4:      layout_gridville, serial_shops, shop, kennysheep_generic_room_7,
          uniq_menkaure, uniq_blork_the_orc, uniq_grinder, uniq_robin
D:5:      layout_basic, kennysheep_little_box,
          minmay_temple_entry_statues_pillars, trog_three_pillars_becter
D:6:      layout_cave_pools
D:7:      layout_cave_pods, gammafunk_temple_overflow_claw,
          chequers_serial_rivers_micro_c, uniq_joseph
Temple:   nicolae_temple_elliptical

Skill      XL: |  1  2  3  4  5  6  7  8  9 |
---------------+----------------------------+-----
Axes           | 3 4 5 |  5.8
Dodging        | 2 3 4 5 |  5.0
Armour         | 3 4 5 6 |  6.6
Fighting       | 4 5 6 7 |  7.1
Shields        | 1 2 3 4 5 |  5.4

Action                   |  1- 3 |  4- 6 |  7- 9 || total
-------------------------+-------+-------+-------++-------
Melee: Hand axe          |    89 |   168 |   405 ||   662
       Broad axe         |       |       |   103 ||   103
Invok: Berserk           |     2 |     6 |     6 ||    14
       Trog's Hand       |       |       |     2 ||     2
  Use: Scroll            |       |       |     9 ||     9
 Stab: Sleeping          |       |     1 |       ||     1
  Eat: Chunk             |     2 |    12 |    15 ||    29
       Ration            |       |       |     1 ||     1
Armor: Animal skin       |    30 |    67 |       ||    97
       Chain mail        |       |       |   255 ||   255
Dodge: Dodged            |    75 |   135 |    96 ||   306
Block: Large shield      |       |       |   434 ||   434
